[Event "Titled Tuesday Blitz February 15 Early 2022"]
[White "Stankovic, Ivan G"]
[Black "Ruperez Benito, Antonio"]
[WhiteFideId "902837"]
[BlackFideId "22245049"]
[WhiteElo "2195"]
[BlackElo "2249"]
[Result "1/2-1/2"]
[Round "03"]
[TimeControl "180+1"]
[Date "2022.02.15"]
[WhiteClock "0:00:10"]
[BlackClock "0:00:14"]

1. e4 c5 2. c4 Nc6 3. Nc3 g6 4. g3 Bg7 5. Bg2 d6 6. Nge2 Bg4 7. f3 Be6 8. d3 Qc8 9. h3 Nf6 10. Be3 O-O 11. Rb1 a6 12. a3 Rb8 13. b4 cxb4 14. axb4 b5 15. cxb5 axb5 16. g4 Nd7 17. O-O Nxb4 18. Rxb4 Bxc3 19. Nxc3 Qxc3 20. Qb1 Ne5 21. Rd1 Nc4 22. Bh6 Na3 23. Qb2 Qxb2 24. Rxb2 Rfc8 25. f4 f6 26. f5 Bf7 27. Ra1 b4 28. Bd2 Nc2 29. Ra7 Kf8 30. g5 b3 31. gxf6 exf6 32. Bf4 Rb6 33. Bh6+ Kg8 34. Bf3 Nd4 35. Bd1 Nb5 36. Re7 Nc3 37. fxg6 hxg6 38. Bg4 Re8 39. Rxe8+ Bxe8 40. Be3 Rb8 41. Bd4 Na4 42. Rb1 Kg7 43. Bd1 Bf7 44. Kf2 Nc5 45. Ke3 Ne6 46. Bc3 Ng5 47. h4 Nh7 48. Bg4 Nf8 49. Bb2 Ne6 50. Rf1 Nc5 51. Bxf6+ Kg8 52. Bb2 Na4 53. Rb1 Nxb2 54. Rxb2 Rc8 55. Bd1 Kg7 56. Kd2 Rb8 57. Kc3 Rh8 58. Bxb3 Rxh4 59. Bxf7 Kxf7 60. Rb7+ Ke6 61. Rg7 Rg4 62. Kd4 Rg3 63. Rg8 Kf7 64. Rd8 Ke7 65. Rg8 Ke6 66. Rg7 g5 67. Rg6+ Ke7 68. e5 dxe5+ 69. Kxe5 Kf7 70. Rd6 g4 71. Kf4 Rg1 72. d4 g3 73. Kf3 Ke7 74. Rh6 g2 75. Rg6 Rd1 76. Kxg2 Rxd4 77. Rg3 Kf6 78. Rf3+ Kg5 79. Rg3+ Kf4 80. Rf3+ Ke4 81. Rg3 Rd2+ 82. Kh3 Kf4 83. Rg8 Rd1 84. Rf8+ Kg5 85. Kg3 Rd3+ 86. Kf2 Kg4 87. Ke2 Ra3 88. Kd2 Kg5 89. Kc2 Kg6 90. Rf1 Re3 91. Kd2 Re7 92. Kd3 Rd7+ 93. Kc4 Kg5 94. Kc5 Kg4 95. Kc6 Rd2 96. Kc5 Kg3 97. Rf8 Rf2 98. Rxf2 Kxf2 1/2-1/2


[Site "https://www.chess.com"]

[Event "Titled Tuesday Blitz February 15 Early 2022"]
[White "Steenbekkers, Franck"]
[Black "Sliwicki, Damian"]
[WhiteFideId "1004220"]
[BlackFideId "1127128"]
[WhiteElo "2133"]
[BlackElo "2084"]
[Result "0-1"]
[Round "03"]
[TimeControl "180+1"]
[Date "2022.02.15"]
[WhiteClock "0:00:50"]
[BlackClock "0:00:45"]

1. e4 c5 2. Nf3 g6 3. c3 Bg7 4. d4 cxd4 5. cxd4 d5 6. e5 a6 7. h3 Nc6 8. Nc3 f6 9. exf6 Nxf6 10. Be3 O-O 11. Be2 Kh8 12. O-O Bf5 13. Ne5 Ne4 14. Nxe4 Bxe4 15. Nxc6 bxc6 16. Qa4 e5 17. dxe5 Bxe5 18. Qxc6 Qh4 19. Rad1 d4 20. Qc5 Rf5 21. Bxd4 Qg5 22. Bg4 h5 23. Bxf5 Qxg2# 0-1


[Site "https://www.chess.com"]

[Event "Titled Tuesday Blitz February 15 Early 2022"]
[White "Stepanencu, Nicodim-Cosmin"]
[Black "Khoroshev, Nikita"]
[WhiteFideId "1256220"]
[BlackFideId "14200287"]
[WhiteElo "1809"]
[BlackElo "2354"]
[Result "0-1"]
[Round "03"]
[TimeControl "180+1"]
[Date "2022.02.15"]
[WhiteClock "0:00:02"]
[BlackClock "0:01:13"]

1. d4 Nf6 2. Nf3 e6 3. g3 d5 4. c4 Nc6 5. Bg2 Bd6 6. O-O O-O 7. Nc3 dxc4 8. Qa4 e5 9. Qxc4 Nxd4 10. Nxd4 exd4 11. Qxd4 c6 12. Rd1 Bc7 13. Qb4 Qe8 14. Bg5 Qe6 15. Rd3 h6 16. Re3 Qf5 17. Bxf6 Qxf6 18. Rd1 a5 19. Qc5 Be6 20. Red3 Rfd8 21. b3 Qg5 22. Qxg5 hxg5 23. Ne4 Rxd3 24. Rxd3 Bf5 25. Rd2 a4 26. b4 g4 27. Nc5 Ra7 28. e4 Bc8 29. Bf1 b6 30. Nd3 a3 31. Be2 Be6 32. Rc2 Kf8 33. Rxc6 Bxa2 34. Bxg4 Bb1 35. Nc1 a2 36. Nxa2 Bxa2 37. Bf3 Ke7 38. Kg2 Be6 39. e5 Bd7 40. Rc4 Bxe5 41. Re4 Kd6 42. Rh4 Bc6 43. Bxc6 Kxc6 44. Rh8 Kb5 45. Re8 Bd4 46. Re4 Rd7 47. Rg4 Kxb4 0-1


[Site "https://www.chess.com"]

[Event "Titled Tuesday Blitz February 15 Early 2022"]
[White "Stromboli, Ettore"]
[Black "Babazada, Khazar"]
[WhiteFideId "813761"]
[BlackFideId "13413554"]
[WhiteElo "2414"]
[BlackElo "2418"]
[Result "0-1"]
[Round "03"]
[TimeControl "180+1"]
[Date "2022.02.15"]
[WhiteClock "0:00:05"]
[BlackClock "0:01:01"]

1. e4 Nf6 2. e5 Nd5 3. Nf3 d6 4. d4 Nb6 5. Be2 g6 6. O-O Bg7 7. Bf4 O-O 8. Re1 Nc6 9. exd6 cxd6 10. c3 e5 11. dxe5 dxe5 12. Be3 Be6 13. Nbd2 Qc7 14. Ng5 Bf5 15. Qb3 h6 16. Nge4 Be6 17. Qc2 Rad8 18. Rad1 Nd4 19. Bxd4 exd4 20. Nf3 dxc3 21. Nxc3 Rxd1 22. Rxd1 Bxa2 23. Ra1 Be6 24. Rxa7 Rc8 25. h3 Nd5 26. Qe4 Bxc3 27. bxc3 Nxc3 28. Qe3 Nxe2+ 29. Qxe2 Qc1+ 30. Kh2 Qf4+ 31. g3 Qf5 32. Ng1 Rc2 33. Ra8+ Kh7 34. Ra5 Qxh3+ 35. Nxh3 Rxe2 36. Nf4 Rxf2+ 37. Kg1 Rf3 38. Rb5 Rxg3+ 39. Kf2 Rg5 40. Rxb7 Rf5 41. Kg3 Bd5 42. Nxd5 Rxd5 43. Rxf7+ Kg8 44. Re7 Rf5 45. Kg4 Rf7 46. Re6 Kg7 47. Ra6 h5+ 48. Kh4 Kh6 49. Ra4 g5+ 50. Kg3 Rf6 51. Ra5 Rb6 52. Ra3 Kg6 53. Re3 h4+ 54. Kg4 Rb4+ 55. Kh3 Kh5 56. Re8 Rb3+ 57. Kh2 Kg4 58. Re4+ Kf3 59. Re5 g4 60. Rf5+ Ke4 61. Rf8 Rb2+ 62. Kg1 h3 63. Rf7 g3 64. Rf1 Re2 65. Ra1 Kf3 66. Ra3+ Re3 67. Ra1 g2 68. Kh2 Kf2 69. Rg1 Re1 70. Rf1+ Rxf1 71. Kxh3 g1=Q 0-1


[Site "https://www.chess.com"]

[Event "Titled Tuesday Blitz February 15 Early 2022"]
[White "Svane, Frederik"]
[Black "Selbes, Tarik"]
[WhiteFideId "12923044"]
[BlackFideId "6302513"]
[WhiteElo "2459"]
[BlackElo "2290"]
[Result "1-0"]
[Round "03"]
[TimeControl "180+1"]
[Date "2022.02.15"]
[WhiteClock "0:01:05"]
[BlackClock "0:00:10"]

1. e4 c6 2. d4 d5 3. exd5 cxd5 4. Nf3 Nf6 5. c3 Nc6 6. Ne5 Nd7 7. f4 Ndxe5 8. fxe5 Bf5 9. Bd3 Qd7 10. O-O Bxd3 11. Qxd3 e6 12. Nd2 Be7 13. Rf3 O-O 14. Rh3 g6 15. Nf3 f6 16. exf6 Bxf6 17. Bh6 Rf7 18. Re1 Re8 19. Qe3 e5 20. dxe5 Nxe5 21. Nxe5 Rxe5 22. Qd2 Rfe7 23. Rxe5 Rxe5 24. Rf3 Qe7 25. Be3 Qe6 26. Bf2 Kg7 27. Qf4 Rf5 28. Qc7+ Kh6 29. Be3+ g5 30. Rh3+ Kg6 31. Qxh7# 1-0


[Site "https://www.chess.com"]

[Event "Titled Tuesday Blitz February 15 Early 2022"]
[White "Svane, Rasmus"]
[Black "Annaberdiyev, Babageldi"]
[WhiteFideId "4657101"]
[BlackFideId "14000385"]
[WhiteElo "2645"]
[BlackElo "2332"]
[Result "1/2-1/2"]
[Round "03"]
[TimeControl "180+1"]
[Date "2022.02.15"]
[WhiteClock "0:00:14"]
[BlackClock "0:00:18"]

1. Nf3 e6 2. g3 d5 3. Bg2 f5 4. O-O Nf6 5. c4 c6 6. d3 Bc5 7. Qc2 O-O 8. cxd5 Bb6 9. dxe6 Bxe6 10. Ng5 Qe7 11. Nxe6 Qxe6 12. Na3 Nbd7 13. Qc4 Rae8 14. e3 Bc7 15. b3 a6 16. Bb2 Nd5 17. Bxd5 Qxd5 18. Rac1 Be5 19. Bxe5 Nxe5 20. Qxd5+ cxd5 21. d4 Nd3 22. Rc3 Nb4 23. Rc5 Rc8 24. Rfc1 Rxc5 25. Rxc5 Rd8 26. Nc2 b6 27. Rc7 Nxa2 28. Rc6 Rb8 29. Kg2 Kf7 30. Kf3 a5 31. Kf4 Nc1 32. Na1 Nd3+ 33. Kxf5 g6+ 34. Kg5 Re8 35. Rf6+ Kg7 36. Rxb6 h6+ 37. Kg4 Nxf2+ 38. Kf3 Ne4 39. Rb7+ Kf6 40. Nc2 Kg5 41. h4+ Kh5 42. Kf4 g5+ 43. hxg5 hxg5+ 44. Kf3 Rf8+ 45. Ke2 Rf2+ 46. Kd1 Rf1+ 47. Ne1 Rf2 48. Rd7 Nc3+ 49. Kc1 Na2+ 50. Kd1 Nc3+ 51. Kc1 Na2+ 52. Kd1 Nc3+ 1/2-1/2


[Site "https://www.chess.com"]

[Event "Titled Tuesday Blitz February 15 Early 2022"]
[White "Svidler, Peter"]
[Black "Jain Kashish Manoj"]
[WhiteFideId "4102142"]
[BlackFideId "35081098"]
[WhiteElo "2725"]
[BlackElo "1681"]
[Result "1-0"]
[Round "03"]
[TimeControl "180+1"]
[Date "2022.02.15"]
[WhiteClock "0:00:21"]
[BlackClock "0:00:02"]

1. e4 e6 2. d4 d5 3. Nc3 Bb4 4. e5 c5 5. a3 Bxc3+ 6. bxc3 Qc7 7. Qg4 f6 8. Qg3 Nc6 9. Bb5 fxe5 10. Nf3 Nf6 11. Nxe5 Ne4 12. Qe3 cxd4 13. Bxc6+ bxc6 14. cxd4 c5 15. f3 Qa5+ 16. Bd2 Nxd2 17. Qxd2 Qxd2+ 18. Kxd2 cxd4 19. Kd3 Rf8 20. Rhb1 Ba6+ 21. Kxd4 Rc8 22. c4 dxc4 23. Kc3 Rf5 24. Re1 Ke7 25. Rab1 Rc5 26. Ng4 Rfd5 27. Nf2 Rb5 28. Rb4 Ra5 29. a4 Re5 30. Rxe5 Rxe5 31. Ne4 Rd5 32. Rb8 Rd3+ 33. Kc2 Ra3 34. Nc5 Ra2+ 35. Kc3 Ra3+ 36. Kb2 c3+ 1-0


[Site "https://www.chess.com"]

[Event "Titled Tuesday Blitz February 15 Early 2022"]
[White "Sviridov, Valery"]
[Black "Kopylov, Alexander A."]
[WhiteFideId "4120680"]
[BlackFideId "4164857"]
[WhiteElo "2454"]
[BlackElo "2436"]
[Result "1-0"]
[Round "03"]
[TimeControl "180+1"]
[Date "2022.02.15"]
[WhiteClock "0:02:06"]
[BlackClock "0:02:12"]

1. b3 b6 2. Bb2 Bb7 3. e3 Nf6 4. Nf3 g6 5. Bxf6 exf6 6. d4 Bg7 7. g3 O-O 8. Bg2 f5 9. O-O c5 10. c3 d6 11. Nbd2 Nd7 12. Rc1 Nf6 13. Qe2 Qe7 14. Rfd1 Rfe8 15. Ne1 Bxg2 16. Nxg2 Ne4 17. Nxe4 fxe4 18. Nf4 Qb7 19. dxc5 dxc5 20. c4 Rad8 21. Nd5 Rd6 22. Rd2 h5 23. Rcd1 Rde6 24. Nf4 R6e7 25. Rd8 h4 26. Qg4 hxg3 27. hxg3 Qc6 28. R1d6 Qb7 29. Nd5 Re6 30. Qxe6 fxe6 31. Rxe8+ Kh7 32. Rdxe6 Qf7 33. Rxe4 Qf3 34. Rh4+ Bh6 35. Re7+ Kg8 36. Rxh6 1-0


[Site "https://www.chess.com"]

[Event "Titled Tuesday Blitz February 15 Early 2022"]
[White "Szpar, Milosz"]
[Black "Budrewicz, Krzysztof"]
[WhiteFideId "1184989"]
[BlackFideId "1127950"]
[WhiteElo "2447"]
[BlackElo "2248"]
[Result "1-0"]
[Round "03"]
[TimeControl "180+1"]
[Date "2022.02.15"]
[WhiteClock "0:01:19"]
[BlackClock "0:01:26"]

1. e4 c5 2. Nf3 e6 3. d4 cxd4 4. Nxd4 Nc6 5. Nc3 a6 6. Nxc6 bxc6 7. Qf3 d5 8. Qg3 Nf6 9. Bd3 a5 10. O-O Ba6 11. Bg5 Bxd3 12. cxd3 Qb8 13. Bf4 Qxb2 14. Be5 Qa3 15. exd5 cxd5 16. Nb5 Qa4 17. Nc7+ Kd8 18. Nxa8 Nh5 19. Qg5+ f6 20. Qxh5 fxe5 21. Qxe5 Qc6 1-0


[Site "https://www.chess.com"]

[Event "Titled Tuesday Blitz February 15 Early 2022"]
[White "Tay, Junior"]
[Black "Omariev, Maksim"]
[WhiteFideId "5800439"]
[BlackFideId "4193423"]
[WhiteElo "2216"]
[BlackElo "2507"]
[Result "1-0"]
[Round "03"]
[TimeControl "180+1"]
[Date "2022.02.15"]
[WhiteClock "0:00:19"]
[BlackClock "0:00:09"]

1. Nc3 d5 2. e4 d4 3. Nce2 a6 4. Ng3 e5 5. a4 Be6 6. d3 Nd7 7. f4 f6 8. Nf3 c5 9. Be2 Bd6 10. O-O exf4 11. Nh5 g5 12. Ng7+ Kf7 13. Nxe6 Kxe6 14. c3 Be5 15. Nd2 Qc7 16. Nc4 Kf7 17. Bh5+ Kg7 18. Qb3 Nh6 19. Kh1 b6 20. Bd2 Rhb8 21. Qd1 b5 22. Na3 bxa4 23. Nc4 Nb6 24. Na5 Qd6 25. g3 Ra7 26. gxf4 gxf4 27. Rg1+ Kh8 28. Qf3 Nf7 29. Qg4 Ng5 30. h4 Ne6 31. Qf5 Rg7 32. Rxg7 Nxg7 33. Qg4 Nxh5 34. Qxh5 Rg8 35. Rg1 Qf8 36. Nc6 Rxg1+ 37. Kxg1 Qg8+ 38. Kf1 dxc3 39. bxc3 a3 40. Bc1 a2 41. Bb2 Qc8 42. Ne7 Qh3+ 43. Ke1 Qe3+ 44. Kd1 Qxd3+ 45. Ke1 Bxc3+ 46. Kf2 Qe3+ 47. Kf1 Qh3+ 48. Ke2 Qe3+ 49. Kf1 Qd3+ 50. Kg2 Qd2+ 51. Kf3 Qe3+ 52. Kg2 Qg3+ 53. Kf1 Bxb2 54. Qe8+ Kg7 55. Qg8+ Kh6 56. Nf5+ Kh5 57. Nxg3+ fxg3 58. Qxh7+ Kg4 59. Qf5+ Kxh4 60. Qf4+ Kh5 61. Qf5+ Kh6 62. Qh3+ Kg7 63. Qxg3+ Kf8 64. Qb8+ Kf7 65. Qb7+ Kf8 66. Qb8+ Ke7 67. Qb7+ Nd7 68. Qxb2 Ne5 69. Qxa2 Kd6 70. Qxa6+ Ke7 71. Ke2 c4 72. Qb5 Kf7 73. Qd5+ Kg6 74. Ke3 Kg5 75. Qe6 Kg6 76. Qf5+ Kf7 77. Kd4 Ke7 78. Kc5 Kf7 79. Kd5 Ke7 80. Qe6+ Kd8 81. Qxf6+ Kc8 82. Qxe5 1-0


[Site "https://www.chess.com"]

[Event "Titled Tuesday Blitz February 15 Early 2022"]
[White "Ter-Sahakyan, Samvel"]
[Black "Van Foreest, Jorden"]
[WhiteFideId "13302531"]
[BlackFideId "1039784"]
[WhiteElo "2592"]
[BlackElo "2609"]
[Result "0-1"]
[Round "03"]
[TimeControl "180+1"]
[Date "2022.02.15"]
[WhiteClock "0:00:03"]
[BlackClock "0:00:03"]

1. d4 Nf6 2. c4 e6 3. Nf3 d5 4. Nc3 h6 5. Bf4 Bd6 6. Bg3 O-O 7. e3 b6 8. cxd5 exd5 9. Rc1 c5 10. Be2 c4 11. Bh4 Be6 12. Ne5 Nbd7 13. Nxd7 Qxd7 14. Bxf6 gxf6 15. Bf3 Be7 16. O-O f5 17. g3 b5 18. Bg2 b4 19. Ne2 Bd6 20. Kh1 Rac8 21. Nf4 Bxf4 22. gxf4 Kh7 23. Qh5 Rg8 24. Bf3 Rg6 25. Rg1 Rcg8 26. Rg3 a5 27. Bd1 a4 28. Qe2 b3 29. a3 Qe7 30. Qe1 Qh4 31. Kg2 h5 32. Bf3 Qe7 33. Bxh5 Rh6 34. Bf3 Rgg6 35. Qg1 Kg7 36. Kf1 Qh4 37. Kg2 Qh3+ 38. Kh1 Qh4 39. Qg2 Kf6 40. Rg1 Ke7 41. Rc1 Qf6 42. Kg1 Rh4 43. Bxd5 Rgh6 44. Bxe6 Qxe6 45. h3 Kf6 46. Rg8 R4h5 47. Rg5 Rxh3 48. Rg8 Rh1+ 49. Qxh1 Rxh1+ 50. Kxh1 Qe4+ 51. Kg1 Qc2 52. Rf1 Qxb2 53. d5 Qd2 54. Rc8 c3 55. d6 c2 56. Rc6 Ke6 57. d7+ Kxd7 58. Rc4 b2 0-1


[Site "https://www.chess.com"]

[Event "Titled Tuesday Blitz February 15 Early 2022"]
[White "Todorovic, Bojan"]
[Black "Bashirli, Saadat"]
[WhiteFideId "917087"]
[BlackFideId "13429990"]
[WhiteElo "2266"]
[BlackElo "1173"]
[Result "1-0"]
[Round "03"]
[TimeControl "180+1"]
[Date "2022.02.15"]
[WhiteClock "0:00:20"]
[BlackClock "0:00:51"]

1. Nf3 d5 2. c4 e6 3. g3 c6 4. b3 Nf6 5. Bg2 Be7 6. O-O O-O 7. Bb2 Nbd7 8. d3 Re8 9. Nbd2 Bd6 10. e4 e5 11. cxd5 cxd5 12. exd5 Nxd5 13. Nc4 Nc5 14. Nxd6 Qxd6 15. Nxe5 Be6 16. Re1 Rad8 17. Nc4 Qd7 18. Qf3 Nb4 19. Ne5 Qc7 20. d4 Bd5 21. Qg4 Bxg2 22. dxc5 Nc2 23. Nd7 Rxe1+ 24. Rxe1 f6 25. Nxf6+ Kh8 26. Ne8 Nxe1 27. Nxc7 Nf3+ 28. Kxg2 Ne1+ 29. Kh3 Rg8 30. Ne6 Nd3 31. Bxg7+ 1-0


[Site "https://www.chess.com"]

[Event "Titled Tuesday Blitz February 15 Early 2022"]
[White "Toncheva, Nadya"]
[Black "Lohani, Sujana"]
[WhiteFideId "2924056"]
[BlackFideId "12311987"]
[WhiteElo "1920"]
[BlackElo "1691"]
[Result "1-0"]
[Round "03"]
[TimeControl "180+1"]
[Date "2022.02.15"]
[WhiteClock "0:02:00"]
[BlackClock "0:00:01"]

1. d4 b6 2. e4 Bb7 3. Nc3 g6 4. Be3 Bg7 5. Qd2 d6 6. O-O-O Nd7 7. h4 h5 8. f3 c5 9. Nh3 cxd4 10. Bxd4 Ngf6 11. Ng5 O-O 12. Bc4 Qc7 13. Bb3 Nc5 14. Kb1 a5 15. Qe2 a4 16. Bc4 a3 17. b3 Qc6 18. g4 e5 19. Bf2 Na6 20. Nd5 Rac8 21. Ne7+ Kh8 22. Nxc6 Rxc6 23. Bxa6 Bxa6 24. Qxa6 Rfc8 25. Rd2 hxg4 26. Nxf7+ Kg8 27. Nxd6 Rd8 28. Rhd1 1-0


[Site "https://www.chess.com"]

[Event "Titled Tuesday Blitz February 15 Early 2022"]
[White "Topalov, Aleksandar"]
[Black "Valle Maytin, Luis Enrique"]
[WhiteFideId "925659"]
[BlackFideId "3503666"]
[WhiteElo "2098"]
[BlackElo "1995"]
[Result "1-0"]
[Round "03"]
[TimeControl "180+1"]
[Date "2022.02.15"]
[WhiteClock "0:00:18"]
[BlackClock "0:00:51"]

1. b3 Nf6 2. Bb2 g6 3. Bxf6 exf6 4. c4 Bg7 5. Nc3 O-O 6. e3 f5 7. Nge2 c6 8. g3 d5 9. cxd5 cxd5 10. d4 Be6 11. Bg2 Nc6 12. O-O Qd7 13. Nf4 Ne7 14. Rc1 a6 15. Na4 Qd6 16. Qd2 Rac8 17. Nc5 g5 18. Nfxe6 fxe6 19. Nxb7 Qb6 20. Nc5 Ng6 21. Nd7 Qb7 22. Nxf8 Bxf8 23. Rxc8 Qxc8 24. Rc1 Qb7 25. Qc3 h6 26. Qc7 Qxc7 27. Rxc7 a5 28. Bf1 Bb4 29. Ba6 Ne7 30. Bc8 Kf7 31. Bd7 Kf6 32. Ra7 Ng6 33. Ra6 Nf8 34. Bc8 Ke7 35. a3 Bxa3 36. Rxa5 Bb4 37. Rb5 Bd6 38. Rb7+ Kf6 39. b4 e5 40. b5 exd4 41. exd4 Bb4 42. Ra7 Bc3 43. Ra4 Ne6 44. Bxe6 Kxe6 45. b6 Kd7 46. Ra8 Kc6 47. Rc8+ Kxb6 48. Rxc3 1-0


[Site "https://www.chess.com"]

[Event "Titled Tuesday Blitz February 15 Early 2022"]
[White "Tregubov, Pavel V."]
[Black "Dew, Brian"]
[WhiteFideId "4115341"]
[BlackFideId "6000495"]
[WhiteElo "2341"]
[BlackElo "2118"]
[Result "1-0"]
[Round "03"]
[TimeControl "180+1"]
[Date "2022.02.15"]
[WhiteClock "0:01:29"]
[BlackClock "0:00:07"]

1. e4 b6 2. d4 Bb7 3. Bd3 g6 4. Nf3 Bg7 5. O-O e6 6. Re1 Ne7 7. c4 d6 8. Nc3 Nd7 9. Be3 h6 10. Qd2 a6 11. Rac1 g5 12. h3 c5 13. d5 exd5 14. exd5 O-O 15. Nxg5 hxg5 16. Bxg5 Re8 17. Ne4 Qc7 18. Ng3 Ng6 19. f4 b5 20. b3 Ndf8 21. f5 Bd4+ 22. Kh1 Ne5 23. Bb1 Nh7 24. Nh5 Kh8 25. Bf6+ Nxf6 26. Qh6+ Nh7 27. Qg7# 1-0


[Site "https://www.chess.com"]

[Event "Titled Tuesday Blitz February 15 Early 2022"]
[White "Tsyhanchuk, Stanislav"]
[Black "Bures, Vit"]
[WhiteFideId "13505130"]
[BlackFideId "309052"]
[WhiteElo "2078"]
[BlackElo "2118"]
[Result "0-1"]
[Round "03"]
[TimeControl "180+1"]
[Date "2022.02.15"]
[WhiteClock "0:00:06"]
[BlackClock "0:00:21"]

1. e4 e5 2. Nf3 Nc6 3. Bc4 Bc5 4. c3 Nf6 5. d4 exd4 6. e5 d5 7. Bb5 Ne4 8. cxd4 Bb6 9. O-O O-O 10. Nc3 Bg4 11. Bxc6 bxc6 12. Be3 f6 13. Nxe4 dxe4 14. Qb3+ Qd5 15. Nd2 fxe5 16. dxe5 Kh8 17. Rac1 Bxe3 18. Qxe3 Qxe5 19. Rxc6 Qxb2 20. Rxc7 Qxa2 21. Nxe4 a5 22. Qc3 Rf7 23. Rc8+ Rxc8 24. Qg3 Be2 25. Re1 Rd8 26. Ng5 Rfd7 0-1


[Site "https://www.chess.com"]

[Event "Titled Tuesday Blitz February 15 Early 2022"]
[White "Tuleyeva-Aketayeva, Dana"]
[Black "Martin, Lewis"]
[WhiteFideId "13701932"]
[BlackFideId "410551"]
[WhiteElo "1944"]
[BlackElo "2145"]
[Result "0-1"]
[Round "03"]
[TimeControl "180+1"]
[Date "2022.02.15"]
[WhiteClock "0:00:07"]
[BlackClock "0:00:18"]

1. d4 d5 2. Nf3 Nf6 3. g3 c6 4. c4 e6 5. Nc3 Nbd7 6. Bg2 Bd6 7. O-O O-O 8. Nd2 a6 9. e4 dxe4 10. Ndxe4 Bc7 11. Bg5 h6 12. Be3 Re8 13. d5 exd5 14. Nxf6+ Nxf6 15. cxd5 cxd5 16. Nxd5 Nxd5 17. Qxd5 Qxd5 18. Bxd5 Bh3 19. Bg2 Bxg2 20. Kxg2 Be5 21. Rab1 Rac8 22. b4 Rc2 23. a4 Ra2 24. a5 Bc3 25. Rb3 Rxe3 26. Kh3 Rf3 27. Kg4 Rd3 28. Rc1 Rd4+ 29. Kf3 Bxb4 30. Rc8+ Kh7 31. Ke3 Rd7 32. Rxb4 Rxa5 33. Rb8 b5 34. Rb6 Ra2 35. Rf4 Re7+ 36. Kf3 f6 37. Rd4 Ree2 38. Rd7 Rxf2+ 39. Kg4 Ra4+ 40. Kh3 h5 41. Rbb7 Rg4 42. Rd5 Kh6 43. Ra7 Ra4 44. Rdd7 Raa2 45. g4 Rxh2+ 46. Kg3 h4+ 47. Kf3 Ra3+ 48. Ke4 Re2+ 49. Kf4 Rf2+ 50. Ke4 Re2+ 51. Kf4 g5+ 52. Kf5 Rf3# 0-1


[Site "https://www.chess.com"]

[Event "Titled Tuesday Blitz February 15 Early 2022"]
[White "Urbina Perez, Juan Antonio"]
[Black "Jumabayev, Rinat"]
[WhiteFideId "2217368"]
[BlackFideId "13702661"]
[WhiteElo "2192"]
[BlackElo "2561"]
[Result "1-0"]
[Round "03"]
[TimeControl "180+1"]
[Date "2022.02.15"]
[WhiteClock "0:01:00"]
[BlackClock "0:00:59"]

1. d4 d6 2. e4 g6 3. c3 Bg7 4. Bd3 Nc6 5. Nf3 Nf6 6. d5 Nb8 7. c4 c6 8. Nc3 O-O 9. O-O Nbd7 10. h3 a5 11. Re1 Nc5 12. Be3 Nfd7 13. Bd4 e5 14. dxe6 Nxe6 15. Bxg7 Kxg7 16. e5 dxe5 17. Nxe5 Nxe5 18. Rxe5 Qf6 19. Re1 Rd8 20. Qb1 Nf4 21. Be4 Rd2 22. Rf1 Be6 23. Qc1 Rad8 24. b3 Qxc3 25. Qxc3+ Kg8 26. Qxa5 R8d4 27. Bf3 Bxh3 28. Rad1 1-0


[Site "https://www.chess.com"]

[Event "Titled Tuesday Blitz February 15 Early 2022"]
[White "Urbina Quiroz, Edwin"]
[Black "Ambartsumova, Karina"]
[WhiteFideId "6500650"]
[BlackFideId "4166299"]
[WhiteElo "2130"]
[BlackElo "2262"]
[Result "0-1"]
[Round "03"]
[TimeControl "180+1"]
[Date "2022.02.15"]
[WhiteClock "0:00:04"]
[BlackClock "0:00:11"]

1. e4 c5 2. Nf3 a6 3. d4 cxd4 4. Nxd4 Nf6 5. Nc3 e5 6. Nf3 Bb4 7. Bg5 h6 8. Bxf6 Qxf6 9. Bc4 O-O 10. O-O Bxc3 11. bxc3 Nc6 12. Bd5 d6 13. Bxc6 bxc6 14. Rb1 Bg4 15. Qd3 Rfd8 16. c4 Rab8 17. Rb3 Rxb3 18. cxb3 Bxf3 19. Qxf3 Qxf3 20. gxf3 Kf8 21. Rd1 c5 22. Kf1 Ke7 23. Ke2 a5 24. Ke3 Rb8 25. f4 exf4+ 26. Kxf4 Ke6 27. h4 a4 28. Rd3 axb3 29. axb3 Ra8 30. Kg4 Ra1 31. f4 Rg1+ 32. Kf3 h5 33. Rd5 g6 34. Rd2 Rh1 35. Kg3 Rg1+ 36. Kf3 Rb1 37. Kg3 Rxb3+ 38. Kf2 Rc3 39. Ra2 Rxc4 40. Ra7 Rxe4 0-1


[Site "https://www.chess.com"]

[Event "Titled Tuesday Blitz February 15 Early 2022"]
[White "Vaishali, Rameshbabu"]
[Black "Danielian, Vardan"]
[WhiteFideId "5091756"]
[BlackFideId "13301594"]
[WhiteElo "2343"]
[BlackElo "2412"]
[Result "1-0"]
[Round "03"]
[TimeControl "180+1"]
[Date "2022.02.15"]
[WhiteClock "0:00:08"]
[BlackClock "0:00:07"]

1. d4 Nf6 2. c4 g6 3. Nc3 Bg7 4. e4 O-O 5. Be2 d6 6. h4 h5 7. Bg5 c5 8. d5 b5 9. cxb5 a6 10. Qd2 axb5 11. Bxb5 Ba6 12. Bxa6 Nxa6 13. Nge2 Qa5 14. a4 Rfb8 15. f3 Nc7 16. O-O Rb7 17. Rfb1 Rab8 18. Qc2 Kf8 19. b3 Nd7 20. Bd2 Qa6 21. Ra3 Ne5 22. Nf4 Kg8 23. a5 c4 24. Nh3 Bf6 25. Bg5 cxb3 26. Raxb3 Rxb3 27. Rxb3 Rxb3 28. Qxb3 Qxa5 29. Kh2 Kg7 30. Ne2 Nb5 31. Qe3 Qb4 32. Ng3 Nd4 33. Nf4 Ng4+ 34. fxg4 hxg4 35. Bxf6+ exf6 36. Nfe2 Nxe2 37. Qxe2 Qd4 38. Qxg4 f5 39. Nxf5+ 1-0


[Site "https://www.chess.com"]

[Event "Titled Tuesday Blitz February 15 Early 2022"]
[White "Van den Dikkenberg, Erik"]
[Black "Guseva, Marina"]
[WhiteFideId "1005880"]
[BlackFideId "4149351"]
[WhiteElo "2118"]
[BlackElo "2232"]
[Result "0-1"]
[Round "03"]
[TimeControl "180+1"]
[Date "2022.02.15"]
[WhiteClock "0:00:02"]
[BlackClock "0:00:44"]

1. e4 c5 2. Nc3 d6 3. f4 g6 4. Bb5+ Bd7 5. Bc4 Bg7 6. Nf3 e6 7. O-O Nc6 8. d3 Nge7 9. a4 O-O 10. Kh1 a6 11. Qe1 Nd4 12. Nxd4 cxd4 13. Ne2 b5 14. axb5 axb5 15. Rxa8 Qxa8 16. Bb3 Kh8 17. Ng1 Nc6 18. Nf3 Na5 19. Bd2 Nxb3 20. cxb3 Qa2 21. Bb4 Qxb3 22. Bxd6 Rc8 23. Ne5 Be8 24. Qh4 f6 25. Be7 fxe5 26. fxe5 Qxd3 27. Qf4 Qe3 28. Qh4 Rc1 29. Bf6 Rxf1# 0-1


[Site "https://www.chess.com"]

[Event "Titled Tuesday Blitz February 15 Early 2022"]
[White "Vargas Pereda, Jesus Manue"]
[Black "Sargissyan, Sargis"]
[WhiteFideId "5115710"]
[BlackFideId "13303210"]
[WhiteElo "1769"]
[BlackElo "2174"]
[Result "0-1"]
[Round "03"]
[TimeControl "180+1"]
[Date "2022.02.15"]
[WhiteClock "0:00:14"]
[BlackClock "0:00:48"]

1. d4 f6 2. Bf4 e6 3. e4 d5 4. Nc3 Bb4 5. Bd3 Ne7 6. Nf3 O-O 7. O-O b6 8. a3 Bxc3 9. bxc3 Ba6 10. e5 f5 11. Ng5 Qd7 12. Qh5 h6 13. Nf3 Qe8 14. Qxe8 Rxe8 15. Rab1 Bc4 16. h4 Nbc6 17. Nd2 Bxd3 18. cxd3 Ng6 19. Bg3 f4 20. h5 Ngxe5 21. Bxf4 Nxd3 22. Bxc7 Rac8 23. Bd6 e5 24. dxe5 Ncxe5 25. Rb3 Nc4 26. Nxc4 dxc4 27. Rbb1 Rcd8 28. Bb4 a5 0-1


[Site "https://www.chess.com"]

[Event "Titled Tuesday Blitz February 15 Early 2022"]
[White "Varney, Zoe"]
[Black "Ozkan, Taha"]
[WhiteFideId "436135"]
[BlackFideId "34577173"]
[WhiteElo "1808"]
[BlackElo "2024"]
[Result "0-1"]
[Round "03"]
[TimeControl "180+1"]
[Date "2022.02.15"]
[WhiteClock "0:00:03"]
[BlackClock "0:01:12"]

1. e4 e6 2. d4 d5 3. exd5 exd5 4. Nf3 Bd6 5. c4 Nf6 6. Nc3 O-O 7. Bg5 dxc4 8. Bxc4 Re8+ 9. Be2 c6 10. O-O Be6 11. Ne4 Be7 12. Nc5 Bc8 13. Bc4 b6 14. Nd3 Bf5 15. Nde5 Nd5 16. Bxe7 Rxe7 17. Qb3 b5 18. Nxc6 bxc4 19. Nxe7+ Nxe7 20. Qxc4 Nbc6 21. Rac1 Be6 22. Qc5 Bxa2 23. Rfd1 Bd5 24. Ne5 Rb8 25. Nxc6 Nxc6 26. Re1 h6 27. Rc2 Nb4 28. Rce2 Nd3 29. Re8+ Qxe8 30. Rxe8+ Rxe8 31. Qxd5 Re1# 0-1


[Site "https://www.chess.com"]